 Dungeon Crawl Stone Soup version 0.31-a0-920-g28cbb04a8c (webtiles) character file.

Game seed: 13388898255081120639

37 CowFu the Poker (level 3, -1/27 HPs)
             Began as a Merfolk Gladiator on Oct 17, 2023.
             Slain by an endoplasm (3 damage)
             ... on level 1 of the Dungeon.
             The game lasted 00:00:50 (654 turns).

CowFu the Poker (Merfolk Gladiator)                  Turns: 654, Time: 00:00:51

Health: -1/27      AC:  4    Str: 16    XL:     3   Next: 39%
Magic:  3/3        EV: 10    Int:  7    God:
Gold:   77         SH:  0    Dex: 15    Spells: 2/2 levels left

rFire   . . .        a - +0 trident
rCold   . . .        (no shield)
rNeg    . . .        b - +0 leather armour
rPois   .            c - +0 helmet
rElec   .            (no cloak)
rCorr   .            (no gloves)
SInv    .            (no boots)
Will    .....        (no amulet)
Stlth   +            (no ring)
HPRegen 0.24/turn    (no ring)
MPRegen 0.08/turn

%: no passive effects
@: constricted
A: (nimble swimmer 2), mertail
a: no special abilities


You were on level 1 of the Dungeon.
You visited 1 branch of the dungeon, and saw 2 of its levels.

You collected 77 gold pieces.

Inventory:

Hand Weapons
 a - a +0 trident (weapon)
Missiles
 d - 3 throwing nets (quivered)
 e - 3 javelins
Armour
 b - a +0 leather armour (worn)
 c - a +0 helmet (worn)
Scrolls
 h - a scroll of torment {unknown}
 i - a scroll of silence {unknown}
 j - a scroll of enchant weapon {unknown}
Potions
 f - a potion of attraction {unknown}
 g - a potion of mutation {unknown}
 k - a potion of berserk rage {unknown}


   Skills:
 - Level 2.1 Fighting
 + Level 5.8 Polearms
 - Level 2.0 Throwing
 - Level 4.0 Dodging


You had 2 spell levels left.
You didn't know any spells.
Your spell library was empty.

Dungeon Overview and Level Annotations

Branches:
Dungeon (2/15)

Altars:


Innate Abilities, Weirdness & Mutations

((You are very nimble when in or above water. (Stealth+, EV+, Speed+++)))
Your lower body shifts to a powerful aquatic tail in water.


Message History

You are frozen.
* * * LOW HITPOINT WARNING * * *
The endoplasm attacks as it pursues you!
The endoplasm closely misses you.
The ball python attacks as it pursues you!
The ball python closely misses you. x2
The endoplasm attacks as it pursues you!
The endoplasm closely misses you.
The ball python attacks as it pursues you!
The ball python completely misses you. The ball python barely misses you.
The ball python closely misses you. The ball python barely misses you.
The endoplasm attacks as it pursues you!
The endoplasm hits you but does no damage.
The ball python attacks as it pursues you!
The ball python bites you but does no damage.
The ball python misses you.
The endoplasm attacks as it pursues you!
The endoplasm barely misses you.
The ball python attacks as it pursues you!
The ball python misses you. The ball python barely misses you.
There is a stone staircase leading up here.
The ball python bites you.
* * * LOW HITPOINT WARNING * * *
The ball python closely misses you. The ball python barely misses you.
The ball python grabs you.
You stop ascending the stairs.
The ball python constricts you.
* * * LOW HITPOINT WARNING * * *
You escape the ball python's grasp.
The endoplasm freezes you.
You are frozen.
* * * LOW HITPOINT WARNING * * *
You climb upwards.
There is a stone staircase leading down here.
You barely miss the ball python.
The ball python is moderately wounded.
The ball python misses you. The ball python grabs you.
The ball python constricts you.
* * * LOW HITPOINT WARNING * * *
The endoplasm hits you.
You die...

##.# ##.#...#.. #..#
#.#...#.8 #.## #.#...#..
#.# ##.##..### #####.######
##.........
#..........######.......###
#.....>....##............#.
#........JS...##...........
#....)....@#.............##
#..........#.............#
#..........#.♣...........##
#..........#...............
#..........##..#.........##
#..........###...........##
############ ###.........#.
#.........#. ##.......##.


You could see an endoplasm and a ball python.

Vanquished Creatures
  A worm (D:2)
  A dart slug (D:1)
  3 ball pythons (D:1)
  A bat (D:2)
  3 endoplasms
  2 giant cockroaches
  5 goblins
  3 hobgoblins (D:1)
  A kobold (D:1)
  2 quokkas (D:1)
  3 frilled lizards (D:1)
  A rat (D:1)
26 creatures vanquished.

Notes
Turn   | Place    | Note
-------+----------+-------------------------------------------
     0 | D:1      | CowFu the Merfolk Gladiator began the quest for the Orb.
     0 | D:1      | Reached XP level 1. HP: 16/16 MP: 1/1
    97 | D:1      | Reached XP level 2. HP: 21/22 MP: 2/2
   164 | D:1      | Reached skill level 5 in Polearms
   351 | D:1      | Reached XP level 3. HP: 27/27 MP: 3/3
   654 | D:1      | Slain by an endoplasm

Illustrated notes

Levels and vault maps discovered:
D:1:      minmay_arrival_stair_chambers, layout_rooms, chequers_mini_garden,
          wad_floor_pattern_untrapped
D:2:      layout_rooms, basic_ecumenical_altar, uniq_sigmund

Skill      XL: |  1  2 |
---------------+-------+-----
Polearms       | 5 |  5.8
Fighting       | |  2.1
Throwing       | |  2.0
Dodging        | |  4.0

Action                     || total
---------------------------++-------
  Melee: Trident           ||    99
 Armour: Leather armour    ||    50
  Dodge: Dodged            ||    67

Table legend: (Time is in decaauts)
 A = Elapsed time spent in this place.
 B = Non-inter-level travel time spent in this place.
 C = Inter-level travel time spent in this place.
 D = Time resting spent in this place.
 E = Time spent auto-exploring this place.
 F = Levels seen in this place.
 G = Mean time per level.
                   A        B        C        D        E       F      G
               +--------+--------+--------+--------+--------+-----+--------+
         Total |    659 |    637 |     22 |      0 |    452 |   2 |  329.5 |
       Dungeon |    659 |    637 |     22 |      0 |    452 |   2 |  329.5 |
               +--------+--------+--------+--------+--------+-----+--------+

Top non-repeatable levels by time:
     D:1: 582 daAuts
     D:2: 76 daAuts
